[Event "EYTCC Open U18 2022"]
[Site "Thessaloniki"]
[Date "2022.07.18"]
[Round "7.35"]
[White "Karkanas, Stylianos"]
[Black "Jordanov, Mihail"]
[Result "0-1"]
[ECO "D00"]
[WhiteElo "1089"]
[BlackElo "2158"]
[Annotator "TA"]
[PlyCount "136"]
[EventDate "2022.07.12"]
[EventType "team-tourn"]
[EventCountry "GRE"]
[SourceTitle "playchess.com"]
[Source "ChessBase"]
[SourceQuality "1"]
[WhiteTeam "Greece"]
[BlackTeam "Macedonia"]
[WhiteTeamCountry "GRE"]
[BlackTeamCountry "MKD"]
[TimeControl "40/5400+30:1800+30"]

1. d4 d5 2. Bf4 c5 3. e3 Nc6 4. c3 Bf5 5. Bd3 Bxd3 6. Qxd3 {[%emt 0:00:23] D00: 1 d4 d5: Unusual lines.} Qb6 7. Qc2 e6 8. Nf3 {[%emt 0:02:36] [#] The position is equal.} Rc8 $146 ({Predecessor:} 8... Nf6 9. Nbd2 Nh5 10. Bg3 Rc8 11. Nb3 Nf6 12. O-O Ne4 13. Bf4 Be7 14. Nbd2 Nf6 {½-½ (29) In 'T Veld,H (2105)-Hruby,J (2195) ICCF email 2017}) 9. Qb3 Qa6 10. Nbd2 Nf6 11. a4 Nh5 12. Bg3 Nxg3 13. hxg3 Qb6 14. Qxb6 axb6 15. Ke2 Be7 16. Ne5 Nxe5 17. dxe5 Ra8 18. e4 O-O 19. Rhb1 (19. f4 $14 {might be stronger.}) 19... f6 $11 20. exd5 exd5 21. f4 (21. e6 $11 {remains equal.}) 21... fxe5 $17 22. fxe5 Rfe8 {[%emt 0:00:00] Black is more active.} (22... Rae8 $1 $17 {aiming for ...Bd6.} 23. Nf3 Bf6) 23. Nf3 (23. Kd3 $15) 23... Bd6 24. b4 cxb4 (24... Bxe5 $17 25. Nxe5 Rxe5+ 26. Kf2 Rf8+ 27. Kg1 d4 28. cxd4 cxd4) 25. Kd3 $15 Bxe5 26. Nxe5 Rxe5 27. Rxb4 {[%emt 0:00:17][%mdl 4096] Endgame KRR-KRR} Ra6 28. Rf1 Re4 29. Rb5 (29. Rf4 $11) 29... Rexa4 30. Rxd5 Ra8 {[%emt 0:00:35] Against Rd8+} 31. Rd7 Rg4 32. Rf3 Rb8 33. Ke2 b5 34. Kf2 (34. Rd5 $15) 34... b4 $17 35. cxb4 Rxb4 36. Rff7 Rf8 37. Rxf8+ Kxf8 {[%emt 0:00:05] KR-KR} 38. Kf3 h6 39. g4 Kg8 40. Kg3 b5 41. Rb7 g5 42. Rb6 Kg7 43. Rb7+ $2 {[%emt 0:00:22][%mdl 8192] White is on the road to losing.} (43. Kf2 $17) 43... Kf6 $1 $19 44. Rb6+ {[%emt 0:00:25] [#]} Ke5 $1 45. Rxh6 Rb3+ 46. Kf2 {[%emt 0:02:01] [#]} Kf4 $1 47. Rf6+ Kxg4 48. Rd6 Rb2+ 49. Kf1 b4 50. Rd4+ Kg3 51. Rd3+ Kf4 {[%emt 0:00:48] ...b3 is the strong threat.} 52. Rf3+ Ke4 53. Rg3 Kf4 (53... b3 $142 {( -> ...Rb1+)} 54. Ke1 Kf5 55. Rf3+ Kg4) 54. Rf3+ Kg4 55. Kg1 Rb1+ ({Wrong is} 55... b3 $2 56. Kh1 $19) 56. Kf2 $2 (56. Kh2) 56... b3 57. Rg3+ Kf4 58. Rf3+ Ke4 {[%emt 0:01:35] Strongly threatening ...Kd4.} 59. Kg3 Rb2 60. Rf8 Rd2 {[%emt 0:01:42] Black mates.} 61. Rb8 b2 62. Kh3 g4+ 63. Kxg4 Rxg2+ 64. Kh3 Rd2 65. Kg3 Kd3 66. Kf3 Kc2 67. Ke3 Rd3+ 68. Ke2 Rc3 {[%emt 0:00:53] Weighted Error Value: White=0.79/Black=0.22 (precise)} 0-1

[Event "EYTCC Open U18 2022"]
[Site "Thessaloniki"]
[Date "2022.07.18"]
[Round "7.37"]
[White "Stoimenidis, Dimitrios"]
[Black "Pekkul, Arda"]
[Result "1/2-1/2"]
[ECO "B33"]
[WhiteElo "1993"]
[BlackElo "1599"]
[Annotator "TA"]
[PlyCount "79"]
[EventDate "2022.07.12"]
[EventType "team-tourn"]
[EventCountry "GRE"]
[SourceTitle "playchess.com"]
[Source "ChessBase"]
[SourceQuality "1"]
[WhiteTeam "Greece"]
[BlackTeam "Turkey"]
[WhiteTeamCountry "GRE"]
[BlackTeamCountry "TUR"]
[TimeControl "40/5400+30:1800+30"]

1. e4 {[%emt 0:00:04] ChessBase II} c5 2. Nf3 e6 3. d4 cxd4 4. Nxd4 Nf6 5. Nc3 Nc6 6. Ndb5 d6 7. Bf4 e5 8. Bg5 a6 9. Na3 b5 10. Nd5 Be7 11. Bxf6 Bxf6 12. c3 Ne7 13. Nc2 Nxd5 14. Qxd5 Rb8 15. Nb4 Bb7 16. Qd3 O-O 17. Be2 {[%emt 0:00:19] [#]} Be7 $146 {[%emt 0:15:37] B33: Sicilian: Pelikan and Sveshnikov Variations.} ({Predecessor (2):} 17... a5 18. Nd5 b4 19. O-O bxc3 20. bxc3 Bg5 21. Rab1 Qd7 22. Rb3 Bc6 23. Rfb1 Rxb3 24. Rxb3 g6 25. Rb6 Rc8 26. h3 Bxd5 27. Qxd5 Rxc3 28. Rxd6 Qe7 29. Bd1 Rc7 30. g3 Kg7 31. Ba4 Bc1 32. Rc6 {½-½ (31) Giri,A (2793)-Carlsen,M (2853) Saint Louis 2015 CBM 168 [ChessBase II]}) 18. Bf3 d5 19. Nxd5 Bxd5 {[%emt 0:00:21] The position is equal.} 20. Qxd5 Qc7 21. O-O Rfd8 (21... Rbd8 $5 22. Qb3 Rd2 $11) 22. Qb3 b4 23. Rac1 bxc3 24. Rxc3 Qa5 25. Qc2 (25. Qc4 $11) 25... Qxa2 $15 26. Rb1 {[%emt 0:02:33] [#]} Rd2 $1 $36 {[%emt 0:25:09][%mdl 2048] Black is pushing.} 27. Qxd2 Qxb1+ 28. Bd1 Rd8 (28... Rxb2 $2 {gets mated.} 29. Rc8+ Bf8 30. Rxf8+ $1 Kxf8 31. Qd8#) 29. Rc1 {[%emt 0:00:26] Hoping for Qxd8+.} Qxe4 30. Qe2 Qf4 31. Qe3 Qxe3 32. fxe3 $17 {[%emt 0:00:05][%mdl 4096] Endgame KRB-KRB} Rd2 33. Rc8+ Bf8 34. Bb3 Rd7 {[%emt 0:02:54] Against Rc7} (34... g6 $15 35. Rc2 Rxc2 36. Bxc2 Bc5) 35. Ra8 g6 36. Rxa6 {[%emt 0:00:44] [#]} (36. Kf1 $15) 36... Kg7 (36... Bc5 $1 $17 37. Kf1 Bxe3) 37. Rc6 $15 {[%emt 0:00:23] Black is slightly better.} f5 38. Rc2 Rd3 39. Rc7+ Kh6 40. Rc3 {[%emt 0:00:00] Weighted Error Value: White=0.13 (very precise) /Black=0.08 (flawless)} 1/2-1/2

[Event "EYTCC Open U18 2022"]
[Site "Thessaloniki"]
[Date "2022.07.18"]
[Round "7.38"]
[White "Atis, Hasan"]
[Black "Karamichos, Michail"]
[Result "1-0"]
[ECO "C70"]
[WhiteElo "1956"]
[BlackElo "1839"]
[Annotator "TA"]
[PlyCount "77"]
[EventDate "2022.07.12"]
[EventType "team-tourn"]
[EventCountry "GRE"]
[SourceTitle "playchess.com"]
[Source "ChessBase"]
[SourceQuality "1"]
[WhiteTeam "Turkey"]
[BlackTeam "Greece"]
[WhiteTeamCountry "TUR"]
[BlackTeamCountry "GRE"]
[TimeControl "40/5400+30:1800+30"]

1. e4 e5 2. Nf3 Nc6 3. Bb5 a6 4. Ba4 g6 5. O-O Bg7 6. c3 Nge7 7. d4 exd4 8. cxd4 b5 {[%emt 0:00:07][%cal Bb7b5,Bb5b4][%mdl 32] C60: Ruy Lopez: Unusual Black 3rd moves and 3...g6.} 9. Bc2 O-O 10. Nc3 d6 {[%emt 0:00:20] The position is equal.} (10... b4 $5 ) 11. h3 {[%emt 0:19:12] Inhibits Bg4.} Na5 12. a4 b4 13. Ne2 c5 14. Bg5 $36 {[%emt 0:05:36][%mdl 2048] [#] White has some pressure.} c4 $146 ({Predecessor:} 14... h6 15. Be3 Nc4 16. Bc1 Bb7 17. b3 Nb6 18. Nd2 cxd4 19. Bd3 Nc6 20. Bb2 Ne5 {0-1 (32) Maksutov,S (2136)-Megalios,K (2401) Chess.com INT 2020}) 15. Qd2 Rb8 16. Rfe1 Re8 (16... d5 $11) 17. Qf4 $16 Bb7 18. Qh4 Qd7 19. Rad1 (19. Bh6 $16) 19... Nac6 (19... Nc8 $11 {keeps the balance.}) 20. Nf4 d5 (20... b3 $16 21. Bb1 Nb4) 21. e5 $18 {[%emt 0:03:39] And now Bf6 would win.} Nd8 22. g4 {[%emt 0:07:51] Black must now prevent Bf6.} ({And not} 22. Bxe7 Qxe7 23. Qg3 (23. Ng5 $2 h6 $19) 23... b3 $15) 22... Ne6 23. Nxe6 {[%emt 0:00:02] White is more active.} fxe6 24. Bf6 ({Stronger than} 24. Bxe7 Qxe7 25. Ng5 h6 $17) 24... Nc6 $2 (24... Bc6 $16) 25. Ng5 h6 26. Bxg6 Rf8 {[%emt 0:00:41] Against Bf7+} 27. Bh7+ Kh8 {[%emt 0:00:06] [#]} 28. Bf5 $1 {[%emt 0:02:38][%mdl 512] White threatens Qxh6+ and mate.} Rxf6 (28... Rfe8 29. Bxe6) 29. exf6 {[%emt 0:00:02] White mates.} exf5 30. fxg7+ Qxg7 {[%emt 0:00:22] [#]} 31. Re6 $1 Rf8 (31... Kg8 32. Rxh6) 32. Rxh6+ Kg8 33. Ne6 Qe7 34. Rh8+ Kf7 35. Rxf8+ Kxe6 36. Re1+ Kd7 37. Rxe7+ Nxe7 38. Rf7 c3 39. Qxe7+ {[%emt 0:00:02] Weighted Error Value: White=0.11 (very precise) /Black=0.37} 1-0

[Event "EYTCC Open U18 2022"]
[Site "Thessaloniki"]
[Date "2022.07.18"]
[Round "7.39"]
[White "Karakotsios, Konstantinos"]
[Black "Aydogdu, Selcan Ayberk"]
[Result "0-1"]
[ECO "A40"]
[WhiteElo "1376"]
[BlackElo "1902"]
[Annotator "TA"]
[PlyCount "68"]
[EventDate "2022.07.12"]
[EventType "team-tourn"]
[EventCountry "GRE"]
[SourceTitle "playchess.com"]
[Source "ChessBase"]
[SourceQuality "1"]
[WhiteTeam "Greece"]
[BlackTeam "Turkey"]
[WhiteTeamCountry "GRE"]
[BlackTeamCountry "TUR"]
[TimeControl "40/5400+30:1800+30"]

1. d4 e6 2. Bf4 d5 3. e3 Nf6 4. Nf3 Bd6 5. Bg3 O-O 6. c3 {[%emt 0:00:11] D02: 1 d4 d5 2 Nf3 sidelines, including 2...Nf6 3 g3 and 2...Nf6 3 Bf4.} b6 7. Bd3 Bb7 8. Nbd2 {[%emt 0:00:20] The position is equal.} c5 9. O-O Qc7 10. Rc1 Nbd7 {[%emt 0:01:21] [#]} 11. b4 $146 ({Predecessor:} 11. c4 Bxg3 12. hxg3 dxc4 13. Nxc4 Rad8 14. Qe2 Qb8 15. Rfd1 h6 16. a3 cxd4 17. Nxd4 {0-1 (74) Norowitz,Y (2420)-Svane,R (2613) Chess.com INT 2021}) 11... Bxg3 12. hxg3 Qd6 (12... c4 $5 13. Bc2 b5 $15) 13. bxc5 bxc5 14. Rb1 Ba6 15. Bxa6 (15. c4 $11) 15... Qxa6 $17 16. Rb2 Rab8 17. Qc2 Rxb2 18. Qxb2 Rb8 19. Qc2 h6 20. Rb1 Rc8 21. Qb3 Nb6 22. Qb2 cxd4 23. cxd4 Ng4 {[%emt 0:08:07] Black is more active.} 24. Nh2 $2 {[%emt 0:05:37] White does not recover from this.} (24. Ne1 $15) 24... Nxh2 $19 25. Kxh2 Qe2 26. Kg1 {[%emt 0:07:41] [#]} (26. f3 {was necessary.}) 26... Na4 $1 27. Qb5 {[%emt 0:14:39] [#]} (27. Qb7 Rc2 28. Qxa7) 27... Rc1+ $3 {[%emt 0:00:51][%mdl 512] Black is clearly winning.} 28. Rxc1 Qxb5 29. Nb3 Qe2 30. Nc5 Nxc5 31. dxc5 Qb2 32. Re1 Qc3 33. Rb1 Qxc5 34. Rb8+ Kh7 {[%emt 0:00:05] Weighted Error Value: White=0.73/Black=0.07 (flawless)} 0-1

[Event "EYTCC Open U18 2022"]
[Site "Thessaloniki"]
[Date "2022.07.18"]
[Round "7.40"]
[White "Turk, Talha Gunes"]
[Black "Stoimenidis, Markos"]
[Result "1-0"]
[ECO "C53"]
[WhiteElo "1597"]
[BlackElo "1297"]
[Annotator "NA COMBH"]
[PlyCount "61"]
[EventDate "2022.07.12"]
[EventType "team-tourn"]
[EventCountry "GRE"]
[SourceTitle "playchess.com"]
[Source "ChessBase"]
[SourceQuality "1"]
[WhiteTeam "Turkey"]
[BlackTeam "Greece"]
[WhiteTeamCountry "TUR"]
[BlackTeamCountry "GRE"]
[TimeControl "40/5400+30:1800+30"]

1. e4 e5 2. Nf3 Nc6 3. Bc4 Bc5 4. c3 d6 5. b4 Bb6 6. a4 a6 7. d3 h6 8. Nbd2 Nf6 9. h3 Qe7 10. Ba3 Nd8 11. b5 axb5 12. axb5 Ne6 13. Bxe6 Bxe6 14. Nxe5 O-O 15. Nef3 Bd7 16. c4 Nh5 17. O-O Nf4 18. d4 Qf6 19. c5 dxc5 20. dxc5 Ba5 21. e5 Qg6 22. Nh4 Nxh3+ 23. Kh2 Qe6 24. c6 Qxe5+ 25. g3 Bxd2 26. Bxf8 Bg4 27. Rxa8 Qh5 28. Be7+ Kh7 29. Qc2+ f5 30. Qa2 Qxh4 31. Bxh4 1-0